AoeStats
← 虎!虎!虎!

MegaRandom

510310051Analyzed
4v4 RM · 11h ago on Sep 30, 2026· 45m 23s· 8 players
Game mode
Random Map
Map size
Large (8 player)
Population
200
Speed
Normal
Resources
Standard
Victory
Conquest
Starting age
Dark Age
Ending age
Imperial Age
RankedLock teamsTeams togetherTeam positionsShared explorationLock speedFull tech treeHidden civsTurbo modeCheats
Victory
Defeat
🇹🇼 Japanese · Taiwan
1574
+15
🇨🇳 Magyars · China
1507
+17
🇨🇳 Mongols · China
1505
+17
🇩🇪 Jurchens · Germany
1451
+20
🇳🇱 Persians · Netherlands
1574
-19
🇨🇳 Saxons · China
1539
-17
🇨🇳 Mongols · China
1525
-17
🇨🇳 Varangians · China
1503
-16
虎!虎!虎!
10:13 Feudal Age
10:59 Double-Bit Axe
10:58 Horse Collar
16:49 Castle Age
15:19 Gold Mining
17:59 Bow Saw
18:37 Loom
20:18 Fletching
21:11 Bodkin Arrow
25:37 Padded Archer Armor
27:04 Gold Shaft Mining
27:39 Husbandry
27:57 Bloodlines
28:27 Ballistics
29:03 Stone Mining
30:38 Wheelbarrow
34:39 Imperial Age
32:35 Masonry
32:47 Leather Archer Armor
34:08 Hand Cart
34:15 Thumb Ring
34:24 Heavy Plow
34:49 Town Watch
35:53 Parthian Tactics
35:31 Bracer
36:51 Chemistry
37:31 Scale Barding Armor
37:37 Caravan
37:31 Cavalier
39:29 Chain Barding Armor
39:31 Paladin
40:53 Conscription
41:48 Two-Man Saw
42:01 Plate Barding Armor
41:24 Light Cavalry
好奇小牛
10:40 Feudal Age
14:32 Castle Age
13:27 Double-Bit Axe
14:37 Loom
15:04 Town Watch
15:49 Horse Collar
17:47 Wheelbarrow
19:49 Bow Saw
21:19 Stone Mining
29:17 Imperial Age
27:50 Gold Mining
29:24 Fletching
30:15 Gold Shaft Mining
30:28 Ballistics
30:22 Heavy Plow
31:12 Hand Cart
31:01 Town Patrol
30:57 Bodkin Arrow
31:03 Padded Archer Armor
32:00 Conscription
32:49 Chemistry
32:45 Bracer
33:18 Heavy Cavalry Archer
34:20 Leather Archer Armor
34:59 Parthian Tactics
34:49 Bloodlines
35:15 Thumb Ring
35:52 Ring Archer Armor
36:23 Caravan
37:47 Forging
37:37 Scale Mail Armor
38:13 Coinage
38:38 Kataparuto
38:20 Yasama
38:05 Treadmill Crane
38:35 Masonry
39:31 Two-Man Saw
40:05 Husbandry
45:13 Iron Casting
44:54 Chain Mail Armor
44:48 Siege Engineers
44:38 Murder Holes
44:36 Guard Tower
44:31 Arrowslits
TruffleThor
6:53 Loom
6:59 Loom
9:42 Feudal Age
15:43 Scale Barding Armor
16:24 Forging
18:34 Wheelbarrow
21:28 Castle Age
21:40 Horse Collar
21:46 Double-Bit Axe
21:40 Light Cavalry
22:33 Bloodlines
22:48 Husbandry
23:01 Bloodlines
24:02 Chain Barding Armor
26:54 Hand Cart
28:05 Bow Saw
27:55 Heavy Plow
30:35 Iron Casting
37:11 Imperial Age
35:34 Fortified Wall
35:36 Masonry
35:46 Fletching
36:39 Bodkin Arrow
37:11 Hussar
38:29 Plate Barding Armor
38:21 Conscription
40:52 Padded Archer Armor
41:28 Thunderclap Bombs
42:36 Pikeman
44:49 Murder Holes
123456
11:20 Feudal Age
9:37 Loom
16:15 Fletching
16:26 Padded Archer Armor
20:29 Double-Bit Axe
20:26 Horse Collar
26:47 Castle Age
25:14 Gold Mining
26:49 Crossbowman
27:27 Bodkin Arrow
29:31 Ballistics
31:03 Leather Archer Armor
32:29 Bow Saw
36:35 Heavy Plow
37:32 Wheelbarrow
40:59 Imperial Age
39:51 Scale Barding Armor
39:58 Forging
40:04 Masonry
40:29 Bloodlines
40:20 Husbandry
43:11 Scale Barding Armor
43:38 Forging
44:15 Conscription
45:57 Iron Casting
Komkommersla
8:40 Loom
11:17 Feudal Age
15:54 Castle Age
14:33 Double-Bit Axe
14:53 Horse Collar
17:41 Scale Barding Armor
19:02 Town Watch
21:18 Forging
22:05 Bloodlines
24:04 Husbandry
26:37 Bow Saw
27:36 Wheelbarrow
28:11 Heavy Plow
29:42 Chain Barding Armor
34:39 Imperial Age
33:11 Iron Casting
33:05 Gold Mining
34:17 Cavalier
35:41 Plate Barding Armor
36:16 Stone Mining
36:42 Savar
37:31 Light Cavalry
39:40 Blast Furnace
40:40 Hand Cart
40:59 Caravan
40:43 Hussar
43:29 Fletching
45:18 Coinage
箜声
11:43 Feudal Age
10:04 Loom
16:27 Castle Age
14:54 Double-Bit Axe
14:54 Horse Collar
23:44 Scale Barding Armor
29:26 Heavy Plow
32:22 Stone Mining
32:22 Gold Mining
34:02 Forging
35:40 Wheelbarrow
36:00 Fletching
38:55 Imperial Age
37:10 Chain Barding Armor
39:36 Iron Casting
40:03 Conscription
40:46 Plate Barding Armor
42:19 Bodkin Arrow
42:26 Padded Archer Armor
43:13 Hand Cart
43:37 Elite Skirmisher
45:16 Leather Archer Armor
ElitePlastic
5:04 Loom
10:57 Feudal Age
11:11 Loom
15:08 Town Watch
25:21 Wheelbarrow
25:03 Double-Bit Axe
28:35 Castle Age
27:32 Horse Collar
28:08 Gold Mining
28:41 Crossbowman
29:21 Fletching
30:14 Bodkin Arrow
30:46 Padded Archer Armor
33:25 Leather Archer Armor
35:51 Bow Saw
35:50 Heavy Plow
40:53 Thumb Ring
44:47 Imperial Age
42:33 Scale Mail Armor
44:32 Forging
neutron_star
10:25 Feudal Age
10:44 Feudal Age
14:58 Castle Age
13:32 Double-Bit Axe
14:10 Loom
14:20 Gold Mining
14:39 Fletching
16:34 Bow Saw
21:08 Padded Archer Armor
24:29 Husbandry
24:25 Bodkin Arrow
24:14 Horse Collar
25:01 Padded Archer Armor
25:46 Bloodlines
26:57 Gold Shaft Mining
27:30 Wheelbarrow
27:47 Leather Archer Armor
27:53 Town Watch
33:20 Imperial Age
31:07 Hand Cart
30:52 Stone Mining
32:24 Ballistics
32:20 Thumb Ring
34:07 Bracer
35:08 Chemistry
34:16 Siege Engineers
34:12 Heavy Plow
35:04 Parthian Tactics
36:48 Coinage
36:17 Heavy Cavalry Archer
37:13 Elite Skirmisher
38:47 Banking
Connection lost

Rejoining the realm…

Still unreachable

The connection could not be restored.

Session expired

The server has moved on; the page needs a fresh start.